 Dungeon Crawl Stone Soup version 0.26-b1-32-g5d43845318 (webtiles) character file.

Game seed: 8833865690519738793

137 Yorgos the Shield-Bearer (level 5, 0/42 HPs)
             Began as a Formicid Fighter on Jan 12, 2021.
             Slain by a water moccasin (6 damage)
             ... on level 3 of the Dungeon.
             The game lasted 00:04:08 (2225 turns).

Yorgos the Shield-Bearer (Formicid Fighter)         Turns: 2225, Time: 00:04:09

Health: 0/42       AC:  9    Str: 22    XL:     5   Next: 43%
Magic:  5/5        EV:  8    Int:  7    God:
Gold:   120        SH: 12    Dex: 10    Spells: 4/4 levels left

rFire    . . .     SeeInvis +   a - +0 war axe
rCold    . . .     Faith    .   r - +2 kite shield
rNeg     . . .     Spirit   .   b - +0 scale mail
rPois    .         Reflect  .   (helmet unavailable)
rElec    .         Harm     .   x - +1 cloak {rCorr}
rCorr    +         Rampage  .   (no gloves)
Will     .....                  (no boots)
Stlth    ..........             o - amulet of magic regeneration
HPRegen  0.14/turn              (no ring)
MPRegen  0.34/turn              (no ring)

@: brilliant, lethally poisoned (0 -> -7), very slightly contaminated, invisible
A: permanent stasis, dig shafts and tunnels, four strong arms, antennae 3
a: Dig, Shaft Self


You were on level 3 of the Dungeon.
You visited 1 branch of the dungeon, and saw 3 of its levels.

You collected 120 gold pieces.

Inventory:

Hand Weapons
 a - a +0 war axe (weapon)
Missiles
 e - 24 sling bullets
 j - 25 bolts
 k - 65 stones
 u - a throwing net
 v - 5 poisoned darts
Armour
 b - a +0 scale mail (worn)
 r - a +2 kite shield (worn)
 x - a +1 cloak of preservation (worn)
Jewellery
 o - an amulet of magic regeneration (around neck)
Scrolls
 i - 4 scrolls of identify {unknown}
 l - a scroll of enchant armour {unknown}
 n - a scroll of remove curse {unknown}
 p - a scroll of teleportation {unknown}
 s - a scroll of fear {unknown}
 w - a scroll of magic mapping {unknown}
Potions
 c - a potion of resistance {unknown}
 d - a potion of might
 f - a potion of berserk rage {unknown}
 g - a potion of haste {unknown}
 h - a potion of heal wounds {unknown}
 m - a potion of invisibility
 q - 2 potions of brilliance
 t - a potion of lignification {unknown}


   Skills:
 + Level 4.2 Fighting
 + Level 3.0 Axes
 + Level 4.2 Armour
 + Level 4.6 Shields


You had 4 spell levels left.
You didn't know any spells.
Your spell library contained the following spells:

 Spells                   Type           Power        Failure   Level
 Haunt                    Necr/Summ      0%           100%        7
 Borgnjor's Revivificati  Necr           0%           100%        8
 Infestation              Necr           0%           100%        8
 Necromutation            Tmut/Necr      0%           100%        8
 Death's Door             Necr           0%           100%        9


Dungeon Overview and Level Annotations

Branches:
Dungeon (3/15)

Altars:
Kikubaaqudgha
Nemelex Xobeh
Vehumet


Innate Abilities, Weirdness & Mutations

You cannot be hasted, slowed, berserked, paralysed or teleported.
You can dig through walls and to a lower floor.
Your four strong arms can wield two-handed weapons with a shield.
You have a pair of large antennae on your head. (SInv)


Message History

You closely miss the hobgoblin.
* * * LOW HITPOINT WARNING * * *
You feel sick. You block the water moccasin's attack.
You block the hobgoblin's attack. The water moccasin bites you.
* * * LOW HITPOINT WARNING * * *
You aren't carrying any items that you can evoke.
It was a potion of invisibility.
You fade into invisibility!
* * * LOW HITPOINT WARNING * * *
You feel sick. The water moccasin closely misses you.
You block the hobgoblin's attack.
You are very lightly contaminated with residual magic.
* * * LOW HITPOINT WARNING * * *
You feel sick.
The water moccasin bites you but does no damage.
It was a potion of brilliance.
You feel clever all of a sudden.
* * * LOW HITPOINT WARNING * * *
You feel sick. The water moccasin bites you.
You die...

....... ._... # .._. .#
##.. .# ####..###.##
#..........# #g(.....#
#S##.##.##..
#.@........# #
#.##.##.#### #...#
#.##.......# #...#
#..........# #[..#
####.####### #...# #.#
##...####### #.#
...........####.#####..
........>[.............


You could see a water moccasin and a hobgoblin.

Vanquished Creatures
  Jessica (D:2)
  2 adders (D:2)
  A worm (D:2)
  4 dart slugs
  4 leopard geckos
  An orc (D:3)
  5 giant cockroaches
  2 goblins (D:2)
  8 hobgoblins
  7 jackals
  2 quokkas (D:2)
  6 bats
  9 frilled lizards
  9 kobolds
  16 rats
77 creatures vanquished.

Notes
Turn   | Place    | Note
-------+----------+-------------------------------------------
     0 | D:1      | Yorgos the Formicid Fighter began the quest for the Orb.
     0 | D:1      | Reached XP level 1. HP: 18/18 MP: 1/1
   172 | D:1      | Reached XP level 2. HP: 24/24 MP: 2/2
   609 | D:1      | Reached XP level 3. HP: 21/29 MP: 3/3
   992 | D:2      | Noticed Jessica
   998 | D:2      | Killed Jessica
   999 | D:2      | Reached XP level 4. HP: 32/37 MP: 4/4
  1479 | D:2      | Reached XP level 5. HP: 42/42 MP: 5/5
  1591 | D:2      | Found a faded altar of an unknown god.
  1934 | D:3      | Noticed a hornet
  2201 | D:3      | Found a sparkling altar of Nemelex Xobeh.
  2202 | D:3      | Noticed a water moccasin
  2203 | D:3      | Found an ancient bone altar of Kikubaaqudgha.
  2204 | D:3      | Found a radiant altar of Vehumet.
  2225 | D:3      | Slain by a water moccasin

Illustrated notes

Levels and vault maps discovered:
D:1:      dpeg_arrival_ratfight, layout_loops_ring, minmay_lizard_pond
D:2:      layout_loops_ring, chequers_ecumenical_altar_simple, st_stairs_2,
          minmay_close_crescents, uniq_jessica
D:3:      layout_loops_cross, grunt_temple_overflow_open

Skill      XL: |  1  2  3  4  5 |
---------------+----------------+-----
Shields        | 4 |  4.6
Fighting       | 4 |  4.2
Armour         | 4 |  4.2
Axes           | 3 |  3.0

Action                   |  1- 3 |  4- 6 || total
-------------------------+-------+-------++-------
Melee: War axe           |    90 |   133 ||   223
 Abil: Dig               |     1 |       ||     1
  Use: Potion            |       |     2 ||     2
Armor: Scale mail        |    39 |    56 ||    95
Dodge: Dodged            |    28 |    46 ||    74
Block: Kite shield       |    56 |   116 ||   172
